 Dungeon Crawl Stone Soup version 0.29-a0-409-gd843f3a48c (webtiles) character file.

Game seed: 4996423047425838821

2 runemasterragnar the Shield-Bearer (level 1, 0/16 HPs)
             Began as an Octopode Fighter on May 14, 2022.
             Succumbed to a kobold's poison
             ... on level 1 of the Dungeon.
             The game lasted 00:00:18 (95 turns).

runemasterragnar the Shield-Bearer (Octopode Fighter) Turns: 95, Time: 00:00:19

Health: 0/16       AC:  1    Str: 15    XL:     1   Next: 40%
Magic:  1/1        EV: 13    Int: 10    God:
Gold:   0          SH:  4    Dex: 11    Spells: 0/0 levels left

rFire   . . .      SeeInvis .   a - +0 long sword
rCold   . . .      Faith    .   b - +0 buckler
rNeg    . . .      Spirit   .   (helmet restricted)
rPois   .          Reflect  .   (no amulet)
rElec   .          Harm     .   (no ring)
rCorr   .          Rampage  .   (no ring)
Will    .....                   (no ring)
Stlth   ++........              (no ring)
HPRegen 0.05/turn               (no ring)
MPRegen 0.07/turn               (no ring)
                                (no ring)
                                (no ring)

@: lethally poisoned (0 -> -13)
A: almost no armour, amphibious, 8 rings, camouflage 1, gelatinous body 1,
(nimble swimmer 1), tentacles
a: no special abilities


You were on level 1 of the Dungeon.
You visited 1 branch of the dungeon, and saw 1 of its levels.

Inventory:

Hand Weapons
 a - a +0 long sword (weapon)
Armour
 b - a +0 buckler (worn)
Scrolls
 d - a scroll of identify {unknown}
 e - a scroll of amnesia {unknown}
Potions
 c - a potion of might


   Skills:
 + Level 3.0 Fighting
 * Level 2.1 Long Blades
 + Level 3.0 Dodging
 + Level 0.1 Stealth
 + Level 3.0 Shields
 + Level 0.0 Unarmed Combat


You couldn't memorise any spells.
You didn't know any spells.
Your spell library was empty.

Dungeon Overview and Level Annotations

Branches:
Dungeon (1/15)

Altars:


Innate Abilities, Weirdness & Mutations

You cannot wear most types of armour.
You are amphibious.
You can wear up to eight rings at the same time.
Your skin changes colour to match your surroundings (Stealth+).
Your rubbery body absorbs attacks. (AC +1, EV +1)
((You are camouflaged when in or above water. (Stealth+)))
You have tentacles for arms and can constrict up to eight enemies at once.


Message History

You see here a +0 dagger.
No target in view!
Found a hand axe.
No target in view!
A bat comes into view.
You see here a scroll labelled JARYUL IPTUUNO.
A bat is nearby!
The bat hits you but does no damage. The bat barely misses you.
A bat is nearby!
Found 19 stones.
The bat hits you. The bat hits you but does no damage.
You hit the bat.
You kill the bat!
No target in view!
No target in view!
HP restored.
e - a scroll labelled JARYUL IPTUUNO No target in view!
A kobold comes into view.
It is wielding a +2 short sword of venom.
A kobold is nearby!
A kobold is nearby!
The kobold barely misses you.
You hit the kobold. You grab the kobold.
The kobold is moderately wounded.
You constrict the kobold.
The kobold hits you with a +2 short sword of venom!
You are lethally poisoned!
You slash the kobold!
You kill the kobold!
* * * LOW HITPOINT WARNING * * *
You feel very sick.
You are too injured to fight recklessly!
There is a lethal amount of poison in your body!
You are too injured to fight recklessly!
There is a lethal amount of poison in your body!
You are too injured to fight recklessly!
Okay, then.
Found a fizzy brown potion.
You die...

.#..<..#...#
.#.....#.#.# ..
.#######.#[# #.
.........#.# #!
##########.# #.
.........[.# #.
####'#######.##.
.............##.#####
########.######.@)$.#
.#.##.##.##.......###
............#####.#
......)###.....##.#
###.#.#.###.##.##.#
#.#..##.##.##.##.#
##..## ###.......#
.... ####.#### .....
#(......#


There were no monsters in sight!

Vanquished Creatures
  A bat (D:1)
  A frilled lizard (D:1)
  A kobold (D:1)
3 creatures vanquished.

Notes
Turn   | Place    | Note
-------+----------+-------------------------------------------
     0 | D:1      | runemasterragnar the Octopode Fighter began the quest for
                  | the Orb.
     0 | D:1      | Reached XP level 1. HP: 16/16 MP: 1/1
    95 | D:1      | Succumbed to a kobold's poison

Illustrated notes

Levels and vault maps discovered:
D:1:      matt_arrival_refuge, layout_loops_cross,
          shapermc_ecumenical_altar_flowoftime

Action                   || total
-------------------------++-------
Melee: Long sword        ||     5
       Constrict         ||     2
Armor: Skin              ||     3
Dodge: Dodged            ||     3

Table legend: (Time is in decaauts)
 A = Elapsed time spent in this place.
 B = Non-inter-level travel time spent in this place.
 C = Inter-level travel time spent in this place.
 D = Time resting spent in this place.
 E = Time spent auto-exploring this place.
 F = Levels seen in this place.
 G = Mean time per level.
                   A        B        C        D        E       F      G
               +--------+--------+--------+--------+--------+-----+--------+
         Total |     97 |     97 |      0 |      0 |     68 |   1 |   97.0 |
       Dungeon |     97 |     97 |      0 |      0 |     68 |   1 |   97.0 |
               +--------+--------+--------+--------+--------+-----+--------+

Top non-repeatable levels by time:
     D:1: 97 daAuts
